 Dungeon Crawl Stone Soup version 0.21.1-1-g345015f (webtiles) character file.

382 suicidejoker the Insei (level 6, -6/42 HPs)
             Began as an Octopode Monk on May 4, 2018.
             Killed from afar by an orc wizard (12 damage)
             ... with a magic dart
             ... on level 3 of the Dungeon.
             The game lasted 00:03:41 (1716 turns).

suicidejoker the Insei (Octopode Monk)              Turns: 1716, Time: 00:03:42

Health: -6/42      AC:  1    Str: 12    XL:     6   Next: 76%
Magic:  6/6        EV: 14    Int: 12    God:
Gold:   62         SH:  3    Dex: 15    Spells: 5/5 levels left

rFire    + + .     SeeInvis .     - Unarmed
rCold    x . .     Gourm    .   (no shield)
rNeg     . . .     Faith    .   (helmet restricted)
rPois    .         Spirit   .   s - +3 amulet of reflection
rElec    .         Reflect  +   g - ring of protection from fire
rCorr    .         Harm     .   l - ring of fire
MR       .....                  (no ring)
Stlth    +++.......             (no ring)
HPRegen  0.14/turn              (no ring)
MPRegen  0.10/turn              (no ring)
                                (no ring)
                                (no ring)

@: no status effects
A: almost no armour, stealthy swim, amphibious, 8 rings, constrict 8, camouflage
1, gelatinous body 1
a: no special abilities


You were on level 3 of the Dungeon.
You were hungry.

You visited 1 branch of the dungeon, and saw 3 of its levels.

You collected 62 gold pieces.

Inventory:

Hand Weapons
 i - a +2 short sword of venom
 p - a +5 hand axe
Missiles
 d - a throwing net
 e - 2 curare-tipped needles
 m - 158 stones (quivered)
 o - 66 arrows
 r - 24 sling bullets
Jewellery
 g - a ring of protection from fire (left tentacle)
 l - a ring of fire (right tentacle)
 s - a +3 amulet of reflection (around mantle)
Wands
 h - a wand of polymorph (14)
 q - a wand of disintegration (5)
Scrolls
 b - 2 scrolls of remove curse
 c - 5 scrolls of identify
 f - a scroll of amnesia
 j - 2 scrolls of teleportation
 k - a scroll of immolation {unknown}
 n - 3 scrolls of magic mapping {unknown}
Comestibles
 a - 9 rations


   Skills:
 - Level 3.0 Fighting
 - Level 3.0 Dodging
 - Level 2.6 Stealth
 + Level 7.4 Unarmed Combat


You had 5 spell levels left.
You didn't know any spells.

Dungeon Overview and Level Annotations

Branches:
Dungeon (3/15)

Altars:


Innate Abilities, Weirdness & Mutations

You cannot wear most types of armour.
You are very stealthy in the water. (Stealth+)
You are amphibious.
You can wear up to eight rings at the same time.
You can use your tentacles to constrict eight enemies at once.
Your skin changes colour to match your surroundings (Stealth+).
Your rubbery body absorbs attacks. (AC +1, EV +1)


Message History

Aiming: Disintegrate
Press: ? - help, Shift-Dir - straight line, f/p - orc warrior
Aim: an orc warrior, wielding a battleaxe and wearing a plate armour (almost dead, chance to defeat MR: 65%)
The orc warrior is blasted.
You blow up the orc warrior!
Your Unarmed Combat skill increases to level 7!
Evoke which item? (* to show all) (? for menu, Esc to quit)
Aiming: Disintegrate
Press: ? - help, Shift-Dir - straight line, f - orc
Aim: an orc, wielding a war axe of flaming and wearing a ring mail (chance to defeat MR: 80%)
The orc is blasted.
You blow up the orc!
Evoke which item? (* to show all) (? for menu, Esc to quit)
Aiming: Disintegrate
Press: ? - help, Shift-Dir - straight line, f - orc wizard
Aim: an orc wizard, wielding a dagger and wearing a robe (fast, chance to defeat MR: 65%)
The orc wizard struggles to resist.
The orc wizard points at you and mumbles some strange words.
The magic dart hits you!
You die...

# #####.)....
###.######.......... .
................... ..
#..#.......###.###
.#.#######...#....##......
........# #...#####......
........####%.%# #......
........#....### #..^...
........o@.### #......
.....>.o#### #..†...
........# #......
........# #......
.?......# #####>#
....##### #.# .... #.. ...
##. ##


You could see an orc wizard and an orc.

Vanquished Creatures
  Sigmund (D:2)
  An orc warrior (D:3)
  3 gnolls (D:2)
  4 adders
  2 worms (D:3)
  A leopard gecko (D:1)
  2 orcs (D:3)
  A ball python (D:1)
  7 bats
  4 giant cockroaches
  7 goblins
  4 hobgoblins
  7 jackals
  3 kobolds (D:1)
  A quokka (D:2)
  6 frilled lizards
  7 rats
61 creatures vanquished.

Notes
Turn   | Place    | Note
-------+----------+-------------------------------------------
     0 | D:1      | suicidejoker the Octopode Monk began the quest for the Orb.
     0 | D:1      | Reached XP level 1. HP: 16/16 MP: 1/1
   121 | D:1      | Reached XP level 2. HP: 21/21 MP: 2/2
   347 | D:1      | Reached skill level 4 in Unarmed Combat
   397 | D:1      | Reached XP level 3. HP: 26/26 MP: 3/3
   784 | D:2      | Reached XP level 4. HP: 6/31 MP: 4/4
  1154 | D:2      | Reached skill level 5 in Unarmed Combat
  1232 | D:2      | Noticed Sigmund
  1241 | D:2      | Killed Sigmund
  1241 | D:2      | Reached skill level 6 in Unarmed Combat
  1241 | D:2      | Reached XP level 5. HP: 31/36 MP: 5/5
  1241 | D:2      | Reached XP level 6. HP: 36/42 MP: 6/6
  1700 | D:3      | Noticed an orc warrior
  1714 | D:3      | Killed an orc warrior
  1714 | D:3      | Reached skill level 7 in Unarmed Combat
  1716 | D:3      | Killed from afar by an orc wizard

Skill      XL: |  1  2  3  4  5  6 |
---------------+-------------------+-----
Unarmed Combat | 4 6 7 |  7.4
Fighting       | |  3.0
Dodging        | |  3.0
Stealth        | |  2.6

Action                   |  1- 3 |  4- 6 || total
-------------------------+-------+-------++-------
Melee: Unarmed           |    70 |    42 ||   112
       Constrict         |    23 |    14 ||    37
       Tentacles         |    12 |    10 ||    22
       Short sword       |       |     4 ||     4
       Punch             |       |     2 ||     2
Throw: Stone             |     3 |     3 ||     6
Evoke: Wand              |       |     8 ||     8
  Use: Scroll            |     2 |     1 ||     3
       Potion            |     2 |       ||     2
 Stab: Sleeping          |     3 |     4 ||     7
  Eat: Chunk             |       |     2 ||     2
Armor: Skin              |     4 |     6 ||    10
Dodge: Dodged            |    46 |    22 ||    68
Block: Other             |       |     1 ||     1
